 Dungeon Crawl Stone Soup version 0.29-a0-297-g7659ce593d (webtiles) character file.

Game seed: 16734246063131628028

1 kae the Firebug (level 1, -2/10 HPs)
             Began as a Tengu Fire Elementalist on Mar 21, 2022.
             Frozen to death by an endoplasm (4 damage)
             ... on level 1 of the Dungeon.
             The game lasted 00:00:03 (31 turns).

kae the Firebug (Tengu Fire Elementalist)             Turns: 31, Time: 00:00:04

Health: -2/10      AC:  2    Str:  8    XL:     1   Next: 20%
Magic:  0/4        EV: 12    Int: 15    God:
Gold:   10         SH:  0    Dex: 14    Spells: 3/4 levels left

rFire   . . .      SeeInvis .   (no weapon)
rCold   . . .      Faith    .   (no shield)
rNeg    . . .      Spirit   .   a - +0 robe
rPois   .          Reflect  .   (helmet restricted)
rElec   .          Harm     .   (no cloak)
rCorr   .          Rampage  .   (no gloves)
Will    .....                   (boots unavailable)
Stlth   ++........              (no amulet)
HPRegen 0.03/turn               (no ring)
MPRegen 0.09/turn               (no ring)

@: very slightly contaminated
A: beak, talons 3
a: no special abilities


You were on level 1 of the Dungeon.
You visited 1 branch of the dungeon, and saw 1 of its levels.

You collected 10 gold pieces.

Inventory:

Armour
 a - a +0 robe (worn)
Potions
 b - a potion of magic


   Skills:
 + Level 0.0 Fighting
 - Level 2.1 Dodging
 - Level 2.0 Stealth
 + Level 2.0 Spellcasting
 + Level 1.4 Conjurations
 * Level 3.3 Fire Magic


You had 3 spell levels left.
You knew the following spells:

 Your Spells              Type           Power      Damage    Failure   Level
a - Foxfire               Conj/Fire      32%        2x1d5     9%          1

Your spell library contained the following spells:

 Spells                   Type           Power      Damage    Failure   Level
 Scorch                   Fire           22%        2d6       9%          2
 Conjure Flame            Conj/Fire      8%         6-21      26%         3
 Inner Flame              Hex/Fire       6%         N/A       32%         3
 Flame Wave               Conj/Fire      8%         2d5       63%         4


Dungeon Overview and Level Annotations

Branches:
Dungeon (1/15)

Altars:


Innate Abilities, Weirdness & Mutations

You have a beak for a mouth.
You have claws for feet.


Message History

Found a stone staircase leading down.
There are monsters nearby!
There are monsters nearby!
Casting: Foxfire (safe; 9% risk of failure)
Confirm with . or Enter, or press ? or * to list all spells.
You miscast Foxfire.
You are very lightly contaminated with residual magic.
Nothing appears to happen.
There are monsters nearby!
Casting: Foxfire (safe; 9% risk of failure)
Confirm with . or Enter, or press ? or * to list all spells.
You conjure some foxfire!
The quokka misses you. The quokka bites you.
The endoplasm quivers.
The foxfire hits the quokka.
The quokka is lightly wounded.
The foxfire hits the quokka.
The quokka is severely wounded.
The quokka bites you.
There are monsters nearby!
There are monsters nearby!
Casting: Foxfire (safe; 9% risk of failure)
Confirm with . or Enter, or press ? or * to list all spells.
You conjure some foxfire!
The quokka bites you.
* * * LOW HITPOINT WARNING * * *
The foxfire hits the quokka.
The quokka is almost dead.
The foxfire hits the quokka.
You kill the quokka!
An endoplasm is nearby!
Casting: Foxfire (safe; 9% risk of failure)
Confirm with . or Enter, or press ? or * to list all spells.
You conjure some foxfire!
The endoplasm hits you.
* * * LOW HITPOINT WARNING * * *
The foxfire hits the endoplasm.
The endoplasm is lightly wounded.
The foxfire hits the endoplasm.
The endoplasm is heavily wounded.
The endoplasm freezes you.
You are frozen.
You die...

... #... ## ##.>.. #.#
###...#..
#..###.......# ####
#!............ ...
#....### ##.## #
#.#§§§...####...####.
#...@#.....#..≈..#...
#....J#8..≈....≈....≈.
####..##...≈..≈≈≈..≈..
#..#.....≈≈≈≈≈≈≈...
...)...≈≈≈≈...≈≈≈≈.
.##...≈≈≈≈≈..<..≈≈≈≈
>.......≈≈≈≈...≈≈≈≈. .
.#.#.....≈≈≈≈≈≈≈...
..##...≈..≈≈≈..≈..


You could see an endoplasm.

Vanquished Creatures
  A quokka (D:1)
1 creature vanquished.

Vanquished Creatures (others)
  8 foxfires (D:1)
8 creatures vanquished.

Grand Total: 9 creatures vanquished

Notes
Turn   | Place    | Note
-------+----------+-------------------------------------------
     0 | D:1      | kae the Tengu Fire Elementalist began the quest for the
                  | Orb.
     0 | D:1      | Reached XP level 1. HP: 10/10 MP: 4/4
    31 | D:1      | Frozen to death by an endoplasm

Illustrated notes

Levels and vault maps discovered:
D:1:      eino_arrival_water_star, layout_rooms,
          hellmonk_ecumenical_altar_defaced_shrine

Action                   || total
-------------------------++-------
 Cast: Foxfire           ||     4
Dodge: Dodged            ||     1

Table legend: (Time is in decaauts)
 A = Elapsed time spent in this place.
 B = Non-inter-level travel time spent in this place.
 C = Inter-level travel time spent in this place.
 D = Time resting spent in this place.
 E = Time spent auto-exploring this place.
 F = Levels seen in this place.
 G = Mean time per level.
                   A        B        C        D        E       F      G
               +--------+--------+--------+--------+--------+-----+--------+
         Total |     31 |     31 |      0 |      0 |     18 |   1 |   31.0 |
       Dungeon |     31 |     31 |      0 |      0 |     18 |   1 |   31.0 |
               +--------+--------+--------+--------+--------+-----+--------+

Top non-repeatable levels by time:
     D:1: 31 daAuts
